 Dungeon Crawl Stone Soup version 0.25.1-2-g60ff931df9 (webtiles) character file.

Game seed: 7113978326253532700

3495 Goreval the Frost Mage (level 10, -7/74 HPs)
             Began as a Barachi Ice Elementalist on Oct 6, 2020.
             Was a Priest of the Shining One.
             Shot with an arrow by a centaur warrior (20 damage)
             ... on level 9 of the Dungeon.
             The game lasted 00:35:14 (12409 turns).

Goreval the Frost Mage (Barachi Ice Elementalist)  Turns: 12409, Time: 00:35:14

Health: -7/74      AC:  8    Str:  9    XL:     10   Next: 7%
Magic:  18/18      EV: 12    Int: 19    God:    the Shining One [***...]
Gold:   374        SH:  0    Dex: 19    Spells: 4/19 levels left

rFire    . . .     SeeInvis .   y - +1 lajatang
rCold    . . .     Gourm    .   (shield currently unavailable)
rNeg     + . .     Faith    +   F - +2 leather armour {rPois}
rPois    +         Spirit   .   (no helmet)
rElec    .         Reflect  .   o - +1 cloak
rCorr    .         Harm     .   (no gloves)
MR       .....                  E - +0 pair of boots
Stlth    +.........             x - amulet of faith
HPRegen  0.22/turn              i - ring of wizardry
MPRegen  0.16/turn              t - +6 ring of dexterity

@: glowing, slow
A: +LOS, swims, slowness 1, strong legs 1
a: Hop, Divine Shield, Renounce Religion


You were on level 9 of the Dungeon.
You worshipped the Shining One.
The Shining One was most pleased with you.
You were hungry.

You visited 2 branches of the dungeon, and saw 10 of its levels.
You also visited: Sewer.

You collected 374 gold pieces.

Inventory:

Hand Weapons
 y - a +1 lajatang (weapon)
Missiles
 f - 258 stones (quivered)
 A - 2 throwing nets
Armour
 o - a +1 cloak (worn)
 E - a +0 pair of boots (worn)
 F - a +2 leather armour of poison resistance (worn)
Magical Staves
 B - an uncursed staff of conjuration
Jewellery
 c - an uncursed amulet of reflection
 h - an uncursed amulet of magic regeneration {unknown}
 i - a ring of wizardry (left hand)
 k - an uncursed amulet of the acrobat
 t - a +6 ring of dexterity (right hand)
 x - an amulet of faith (around neck)
 z - an uncursed ring of stealth
 G - an uncursed amulet of regeneration {unknown}
 I - an uncursed ring of ice {unknown}
Wands
 b - a wand of enslavement (9)
 u - a wand of paralysis (8)
 C - a wand of digging (4)
 K - a wand of flame (24)
Scrolls
 e - a scroll of magic mapping
 g - 3 scrolls of amnesia
 m - 4 scrolls of teleportation
 n - 2 scrolls of identify
 s - a scroll of remove curse
 D - a scroll of fear {unknown}
 H - a scroll of enchant armour
 J - 2 scrolls of random uselessness {unknown}
Potions
 a - a potion of ambrosia {unknown}
 d - 2 potions of magic
 j - 5 potions of flight
 l - 7 potions of curing
 p - 6 potions of heal wounds
 q - a potion of brilliance
 r - 2 potions of might
 v - a potion of haste
Comestibles
 w - 17 rations


   Skills:
 + Level 5.4 Fighting
 * Level 7.5 Staves
 - Level 2.1 Dodging
 - Level 2.0 Stealth
 - Level 5.4 Spellcasting
 - Level 3.0 Summonings
 - Level 12.0 Ice Magic
 + Level 1.1 Invocations


You had 4 spell levels left.
You knew the following spells:

 Your Spells              Type           Power        Failure   Level  Hunger
a - Freeze                Ice            ####         1%          1    None
b - Frozen Ramparts       Ice            ######       1%          3    ##.....
c - Ozocubu's Armour      Chrm/Ice       ####....     1%          3    ##.....
d - Summon Ice Beast      Ice/Summ       ####....     3%          4    ####...
e - Hailstorm             Conj/Ice       ####....     6%          4    ####...

Your spell library contained the following spells:

 Spells                   Type           Power        Failure   Level  Hunger


Dungeon Overview and Level Annotations

Branches:
Dungeon (9/15)             Temple (1/1) D:5           Sewer (visited)
   Lair: D:8-11         Orc: D:9-12

Altars:
Ashenzari
Cheibriados
Dithmenos
Elyvilon
Fedhas
Hepliaklqana
Kikubaaqudgha
Makhleb
Nemelex Xobeh
Okawaru
Ru
Sif Muna
Trog
Uskayaw
Vehumet
Wu Jian
Xom
Yredelemnul
Zin
The Shining One

Annotations:
D:8 exclusion: downstairs


Innate Abilities, Weirdness & Mutations

You can be seen from farther away. (+LOS)
You can swim through water.
You cover ground slowly.
You can hop short distances.


Message History

A centaur skeleton comes into view.
Unknown command.
Throwing (i - inventory. (/) - cycle)
f - 258 stones (quivered)
Okay, then.
The centaur warrior shouts!
The centaur warrior shoots an arrow.
The arrow hits you!
You see here an arrow.
The centaur warrior shoots an arrow.
The arrow hits you!!
Found an escape hatch in the floor.
You see here an arrow.
The centaur skeleton hits you but does no damage.
The centaur skeleton hits you.
The centaur warrior shoots an arrow.
The arrow hits you!
You see here 2 arrows.
Things that are here:
a +0 shortbow of flaming; 28 arrows The centaur warrior shoots an arrow.
The arrow hits you!
* * * LOW HITPOINT WARNING * * *
The centaur warrior shoots an arrow.
The arrow hits you!!
You die...

....§≈ #≈≈ ≈≈..
#.....§+≈> ≈..#
#...§§.+≈⌠ ≈..#
#..#....≈≈ ...#
.......#≈####...#
#...≈≈≈≈≈≈....#
#.....≈§≈.....#
#.....(.......#
######c.##@.###
#.###)## #.###(#
#.Z.c.# #.#####
#.#############
#........>...)#
#.###########)#
#.# ########.##


You could see a centaur warrior.

Vanquished Creatures
  2 humans (D:8)
  A hungry ghost (D:8)
  A black bear (D:8)
  6 ogres
  7 centaurs
  3 bullfrogs
  A wyvern zombie (D:9)
  2 scorpions
  8 wights (D:7)
  2 howler monkeys (D:9)
  2 crimson imps
  3 bullfrog zombies
  A bullfrog skeleton (D:8)
  A jelly (D:5)
  A centaur skeleton (D:8)
  An orc priest (D:9)
  2 hounds (D:8)
  3 orc wizards (D:5)
  2 iguanas
  Ijyb (D:4)
  10 worker ants
  A hound zombie (D:8)
  2 hound skeletons
  A worker ant zombie (D:5)
  2 howler monkey skeletons
  11 adders
  7 river rats
  3 shadow imps
  4 oozes
  An adder skeleton (D:5)
  A worm (D:2)
  4 dart slugs
  6 leopard geckos
  11 orcs
  5 giant cockroaches
  11 goblins
  9 hobgoblins
  10 jackals
  28 kobolds
  5 quokkas
  10 ball pythons
  6 bats
  6 frilled lizards
  A jackal zombie (D:6)
  A leopard gecko skeleton (D:7)
  A quokka zombie (D:7)
  26 rats
233 creatures vanquished.

Vanquished Creatures (collateral kills)
  An ogre (D:7)
  2 wights (D:7)
  A statue (D:5)
4 creatures vanquished.

Grand Total: 237 creatures vanquished

Notes
Turn   | Place    | Note
-------+----------+-------------------------------------------
     0 | D:1      | Goreval the Barachi Ice Elementalist began the quest for
                  | the Orb.
     0 | D:1      | Reached XP level 1. HP: 13/13 MP: 3/3
   111 | D:1      | Reached skill level 5 in Ice Magic
   181 | D:1      | Reached XP level 2. HP: 12/19 MP: 0/5
   638 | D:1      | Reached XP level 3. HP: 21/24 MP: 1/6
  1338 | D:2      | Learned a level 3 spell: Frozen Ramparts
  1475 | D:2      | Learned a level 3 spell: Ozocubu's Armour
  1485 | D:2      | Reached skill level 6 in Ice Magic
  1485 | D:2      | Reached XP level 4. HP: 26/30 MP: 5/8
  1568 | D:2      | Found a hide-covered altar of Uskayaw.
  2162 | D:2      | Found a sacrificial altar of Ru.
  2474 | D:3      | Found a glowing drain.
  2488 | Sewer    | Entered a sewer
  2519 | Sewer    | Reached XP level 5. HP: 26/35 MP: 2/10
  2765 | Sewer    | Reached skill level 7 in Ice Magic
  3803 | D:3      | Reached XP level 6. HP: 37/41 MP: 8/11
  3809 | D:3      | Learned a level 4 spell: Summon Ice Beast
  3991 | D:3      | Found a white marble altar of Elyvilon.
  3991 | D:3      | Found an ancient bone altar of Kikubaaqudgha.
  3992 | D:3      | Found a burning altar of Makhleb.
  4033 | D:3      | Found an ornate altar of the Wu Jian Council.
  4138 | D:3      | Became a worshipper of Elyvilon the Healer
  4693 | D:4      | Noticed a phantom
  4927 | D:4      | Reached * piety under Elyvilon
  4927 | D:4      | Noticed Ijyb
  4931 | D:4      | Killed Ijyb
  5171 | D:4      | Reached skill level 8 in Ice Magic
  5267 | D:4      | Reached skill level 1 in Staves
  5267 | D:4      | Reached XP level 7. HP: 46/46 MP: 10/13
  5669 | D:5      | Entered Level 5 of the Dungeon
  5715 | D:5      | Found a staircase to the Ecumenical Temple.
  5742 | Temple   | Entered the Ecumenical Temple
  5787 | Temple   | Fell from the grace of Elyvilon
  5787 | Temple   | Became a worshipper of the Shining One
  6119 | D:5      | Found a shattered altar of Ashenzari.
  6121 | D:5      | Reached skill level 9 in Ice Magic
  6209 | D:5      | Reached skill level 5 in Spellcasting
  6330 | D:5      | Found a radiant altar of Vehumet.
  6332 | D:5      | Reached * piety under the Shining One
  6338 | D:5      | Reached XP level 8. HP: 43/52 MP: 10/15
  7473 | D:2      | Learned a level 4 spell: Hailstorm
  7764 | D:6      | Reached skill level 1 in Fighting
  7764 | D:6      | Reached skill level 1 in Summonings
  7764 | D:6      | Reached skill level 10 in Ice Magic
  7851 | D:6      | Found a snail-covered altar of Cheibriados.
  8639 | D:7      | Found a shadowy altar of Dithmenos.
  9074 | D:7      | Reached XP level 9. HP: 27/62 MP: 13/17
  9465 | D:7      | Reached skill level 5 in Staves
  9520 | D:7      | Found a hazy altar of Hepliaklqana.
  9527 | D:7      | Found a shimmering altar of Xom.
  9549 | D:7      | Reached skill level 11 in Ice Magic
  9664 | D:7      | Reached ** piety under the Shining One
 10483 | D:7      | Found a bloodstained altar of Trog.
 10833 | D:8      | Found a blossoming altar of Fedhas.
 10955 | D:8      | Found an iron altar of Okawaru.
 11228 | D:8      | Reached *** piety under the Shining One
 11348 | D:8      | Reached skill level 5 in Fighting
 11348 | D:8      | Reached skill level 12 in Ice Magic
 11705 | D:9      | Reached XP level 10. HP: 74/74 MP: 14/18
 11752 | D:9      | Found a shimmering blue altar of Sif Muna.
 11752 | D:9      | Noticed a centaur warrior
 11996 | D:9      | Reached **** piety under the Shining One
 12005 | D:9      | Reached skill level 1 in Invocations
 12409 | D:9      | Shot with an arrow by a centaur warrior

Illustrated notes

Levels and vault maps discovered:
D:1:      heliophobic_arrival_battle_scene, layout_loops_cross, st_stairs_11,
          kennysheep_another_room
D:2:      wad_pebble_path, layout_loops_corners,
          nicolae_ru_sacrificial_ziggurat, lemuel_crystal_altar
D:3:      layout_loops_ring, nicolae_overflow_quartered_altars,
          cheibrodos_sewer_entry_sluice
D:4:      layout_gridville, chequers_garden, uniq_ijyb
D:5:      layout_basic, vehumet_statue, old_standard_altar,
          minmay_temple_entry_junction, first_ration
D:6:      layout_gridville, kennysheep_slug_shrine, minivault_27
D:7:      layout_basic, kennysheep_mini, kennysheep_little_box, basic_altar,
          grunt_ogre_cave, hex_tiny, lemuel_centaur_altar
D:8:      layout_basic, fedhas_altar_2, nicolae_two_hexagons,
          minmay_misc_feat_tiny, okawaru_humans
D:9:      hangedman_cross_cluster, layout_loops_ring,
          nicolae_qazlal_general_emergency, david_orc_4, minmay_ruined_shrine,
          uniq_joseph
Temple:   compressed_dpeg_triangle_lava_temple

Skill      XL: |  1  2  3  4  5  6  7  8  9 10 |
---------------+-------------------------------+-----
Ice Magic      | 5 6 7 8 9 10 12 | 12.0
Stealth        | 2 |  2.0
Spellcasting   | 3 4 5 |  5.4
Staves         | 1 2 4 7 |  7.5
Fighting       | 2 5 |  5.4
Summonings     | 2 3 |  3.0
Invocations    | 1 |  1.1
Dodging        | |  2.1

Action                   |  1- 3 |  4- 6 |  7- 9 | 10-12 || total
-------------------------+-------+-------+-------+-------++-------
Melee: Unarmed           |     4 |       |       |       ||     4
       Dagger            |       |    64 |       |       ||    64
       Lajatang          |       |       |   144 |    20 ||   164
Throw: Stone             |       |    14 |    35 |       ||    49
 Cast: Freeze            |    58 |   114 |    58 |       ||   230
       Frozen Ramparts   |       |    15 |    36 |     2 ||    53
       Ozocubu's Armour  |       |     2 |     2 |       ||     4
       Summon Ice Beast  |       |     1 |    19 |       ||    20
Invok: Cleansing Flame   |       |       |       |     1 ||     1
 Abil: Hop               |       |       |     5 |       ||     5
Evoke: Wand              |       |       |     1 |       ||     1
  Use: Scroll            |     1 |    10 |     7 |       ||    18
 Stab: Sleeping          |       |       |     1 |       ||     1
  Eat: Chunk             |     3 |     7 |    25 |     2 ||    37
       Ration            |       |     2 |     1 |       ||     3
Armor: Robe              |     6 |    28 |    20 |       ||    54
       Leather armour    |       |       |    31 |     7 ||    38
Dodge: Dodged            |    27 |   114 |   159 |    12 ||   312
